 Dungeon Crawl Stone Soup version 0.20.1-1-g8b1a95d (webtiles) character file.

53546 Gargoyl the Protected (level 14, -4/122 HPs)
             Began as a Minotaur Abyssal Knight on July 14, 2017.
             Was a High Priest of Lugonu.
             Slain by a dire elephant (14 damage)
             ... on level 6 of the Lair of Beasts.
             The game lasted 00:31:37 (17242 turns).

Gargoyl the Protected (Minotaur Abyssal Knight)    Turns: 17242, Time: 00:31:38

Health: -4/122     AC: 27    Str: 22    XL:     14   Next: 31%
Magic:  17/21      EV:  9    Int:  9    God:    Lugonu [*****.]
Gold:   1090       SH:  8    Dex: 12    Spells: 13/13 levels left

rFire    . . .     SeeInvis .   j - +4 war axe (elec)
rCold    . . .     Gourm    .   e - +0 buckler
rNeg     . . .     Faith    .   p - +6 plate armour
rPois    .         Spirit   .   (helmet restricted)
rElec    .         Reflect  +   l - +0 cloak
rCorr    .         Harm     .   R - +0 pair of gloves
MR       +....                  a - +0 pair of boots
Stlth    ..........             E - +2 amulet of reflection
Regen    0.3/turn               t - +4 ring of strength
MPRegen  0.2/turn               (no ring)

@: no status effects
A: retaliatory headbutt, claws 1, horns 2, sense surroundings 1, weak 1, subdued
magic 1
a: Depart the Abyss, Bend Space, Banish, Corrupt, Enter the Abyss, Renounce
Religion


You were on level 6 of the Lair of Beasts.
You worshipped Lugonu.
Lugonu was extremely pleased with you.
You were not hungry.

You visited 2 branches of the dungeon, and saw 15 of its levels.
You visited the Abyss 1 time.
You also visited: Bailey.

You collected 1090 gold pieces.

Inventory:

Hand Weapons
 j - a +4 war axe of electrocution (weapon)
 m - a +0 war axe of chopping
 y - the +4 spear "Qugez" {elec, Int+4}
   (You found it on level 6 of the Lair of Beasts)

   Occasionally, upon striking a foe, it will discharge some electrical energy
   and cause terrible harm.
   It affects your intelligence (+4).
 I - a +3 hand axe
Missiles
 w - 12 tomahawks of returning (quivered)
Armour
 a - a +0 pair of boots (worn)
 e - a +0 buckler (worn)
 l - a +0 cloak (worn)
 p - a +6 plate armour (worn)
 R - a +0 pair of gloves (worn)
Jewellery
 t - a +4 ring of strength (left hand)
 D - an uncursed amulet of regeneration
 E - a +2 amulet of reflection (around neck)
Wands
 x - a wand of confusion (31/48)
 A - a wand of scattershot (4/9)
Scrolls
 d - 13 scrolls of teleportation
 f - 4 scrolls of blinking
 i - 3 scrolls of fog
 k - a scroll of identify
 n - 8 scrolls of remove curse
 M - 5 scrolls of recharging
 V - 2 scrolls of magic mapping
Potions
 b - 2 potions of cancellation
 h - 2 potions of magic
 o - 5 potions of berserk rage
 q - 2 potions of flight
 r - 5 potions of resistance
 B - 4 potions of brilliance
 C - 5 potions of curing
 F - a potion of ambrosia
 G - 2 potions of agility
 H - 2 potions of invisibility
 N - 3 potions of haste
Books
 v - a book of the Tempests

   Spells                             Type                      Level
   a - Static Discharge               Conjuration/Air              3
   b - Lightning Bolt                 Conjuration/Air              5
   c - Ignition                       Fire                         8
   d - Tornado                        Air                          9
   e - Shatter                        Earth                        9
Comestibles
 c - 8 bread rations
 g - 6 royal jellies
 s - 2 chunks of flesh
 u - 6 meat rations
 P - 19 fruits


   Skills:
 + Level 10.7 Fighting
 + Level 14.4(14.5) Axes
 + Level 2.4(9.9) Polearms
 + Level 3.2 Throwing
 * Level 14.6 Armour
 + Level 3.9 Dodging
 + Level 9.2 Shields
 * Level 11.7 Invocations
 + Level 1.8 Evocations


You had 13 spell levels left.
You didn't know any spells.

Dungeon Overview and Level Annotations

Branches:
Dungeon (9/15)             Temple (0/1) D:6            Lair (6/6) D:9
  Swamp (0/4) Lair:2       Spider (0/4) Lair:2        Slime (0/5) Lair:5
    Orc (0/2) D:9

Altars:
Fedhas
Hepliaklqana
Makhleb
Nemelex Xobeh
Okawaru
Uskayaw
The Shining One

Shops:
D:7 :


Innate Abilities, Weirdness & Mutations

You reflexively headbutt those who attack you in melee.
You have a pair of horns on your head.
You have sharp fingernails.
You passively map a small area around you.
You are weak. (Str -2)
Your spells are a little easier to cast, but a little less powerful.


Message History

Unknown command.
You feel better. The dire elephant tramples you.
* * * LOW HITPOINT WARNING * * *
You hold your ground!
The dire elephant trunk-slaps you.
* * * LOW HITPOINT WARNING * * *
The dire elephant completely misses you. x2
Press: ? - help, Shift-Dir - straight line, f - dire elephant
Aim: a dire elephant (moderately wounded, chance to defeat MR: 26%)
The dire elephant easily resists.
You feel somewhat more hungry. The dire elephant tramples you!
* * * LOW HITPOINT WARNING * * *
You hold your ground!
The dire elephant trunk-slaps you.
* * * LOW HITPOINT WARNING * * *
The dire elephant tramples you but does no damage.
The dire elephant trunk-slaps you but does no damage.
You feel better. The dire elephant tramples you!
* * * LOW HITPOINT WARNING * * *
You hold your ground!
The dire elephant closely misses you. The dire elephant tramples you!
You die...

##.#####..#...####.....
#..##..P...P.#.##....P#
##......................
#.......................
##..†...................
######♣.......♣########
########♣....###.......
#..P..)##♣♣###...#####8
#.....@# ####.###≈.###
#P...YY####....#≈≈≈≈P##
######'#...P####.≈≈≈≈#.
#.#.####.8#.≈≈≈≈'.
#...#.....'..≈≈≈'.
#..8#....8##.≈≈##. ,
###'##''###########
*♣8♣##.#..#..#
♣.........##


You could see 2 dire elephants.

Vanquished Creatures
  An orc warlord (Bailey)
  A dire elephant (Lair:6)
  An anaconda (Lair:6)
  A two-headed ogre (D:8)
  5 death yaks (Lair:6)
  A fire crab (Lair:6)
  A lindwurm (Lair:6)
  Pikel (D:6)
  3 black mambas
  6 elephants (Lair:6)
  11 spiny frogs
  A centaur skeleton (D:9)
  A rime drake (Lair:5)
  6 komodo dragons
  A troll (D:9)
  2 polar bears
  Prince Ribbit (D:5)
  25 blink frogs
  Grinder (D:4)
  3 hippogriffs
  2 slime creatures (Lair:5)
  2 basilisks
  39 yaks
  A wyvern (D:8)
  3 vampire mosquitoes (Lair:2)
  9 water moccasins
  4 ice beasts
  8 porcupines
  2 slaves (D:6)
  4 orc warriors
  A sky beast (D:7)
  A black bear (Lair:1)
  10 wolves
  3 centaurs
  An eye of draining (D:9)
  5 ogres
  2 phantoms
  11 crocodiles
  5 bullfrogs
  Blork the orc (D:4)
  5 scorpions
  5 killer bees (D:9)
  5 wights (D:6)
  2 electric eels (Lair:6)
  2 howler monkeys
  4 crimson imps
  A quasit (D:9)
  A centaur zombie (D:6)
  2 hounds
  3 jellies
  9 orc priests
  11 orc wizards
  4 iguanas
  Natasha (twice) (D:2)
  8 worker ants
  A howler monkey zombie (D:7)
  13 gnolls
  A howler monkey skeleton (D:9)
  12 adders
  A shadow imp (D:5)
  3 oozes
  An adder skeleton (D:4)
  2 worms
  A dart slug (D:2)
  2 leopard geckos (D:2)
  53 orcs
  2 ball pythons
  6 giant cockroaches
  8 goblins
  8 hobgoblins
  19 jackals
  6 quokkas
  9 bats
  A frilled lizard (D:4)
  15 kobolds
  A quokka skeleton (D:9)
  8 rats
  4 fungi
  6 plants
434 creatures vanquished.

Vanquished Creatures (others)
  4 hydras
  An ice dragon (Lair:4)
  A slave (D:6)
  An orc warrior (D:9)
  An electric eel (Lair:6)
  An adder (D:6)
  3 kobolds (Bailey)
  4 fungi
  12 plants (Lair:6)
28 creatures vanquished.

Grand Total: 462 creatures vanquished

Notes
Turn   | Place    | Note
-------+----------+-------------------------------------------
     0 | Abyss:1  | Gargoyl the Minotaur Abyssal Knight began the quest for the Orb.
     0 | Abyss:1  | Reached XP level 1. HP: 19/19 MP: 1/1
    37 | Abyss:3  | Noticed a swamp dragon
    37 | Abyss:3  | Noticed an ice statue
    37 | Abyss:3  | Noticed a catoblepas
    37 | Abyss:3  | Noticed a fire crab
    37 | D:1      | Escaped the Abyss
   308 | D:1      | Reached XP level 2. HP: 19/27 MP: 2/2
   473 | D:1      | Reached * piety under Lugonu
   572 | D:1      | Found a hide-covered altar of Uskayaw.
   891 | D:2      | Reached XP level 3. HP: 25/33 MP: 3/3
  1167 | D:2      | Noticed Natasha
  1177 | D:2      | Killed Natasha
  1177 | D:2      | Reached XP level 4. HP: 35/41 MP: 3/5
  1192 | D:2      | Reached ** piety under Lugonu
  1451 | D:2      | Noticed Natasha
  1464 | D:2      | Killed Natasha
  1573 | D:3      | Reached XP level 5. HP: 41/47 MP: 6/6
  1863 | D:3      | Found a hide-covered altar of Uskayaw.
  1863 | D:3      | Found a sparkling altar of Nemelex Xobeh.
  2502 | D:3      | Reached skill level 1 in Shields
  2508 | D:3      | Reached *** piety under Lugonu
  2620 | D:3      | Reached XP level 6. HP: 40/53 MP: 7/7
  2807 | D:3      | Reached skill level 5 in Armour
  3314 | D:4      | Noticed Blork the orc
  3328 | D:4      | Killed Blork the orc
  3412 | D:4      | Noticed Grinder
  3425 | D:4      | Killed Grinder
  3425 | D:4      | Reached skill level 5 in Fighting
  3425 | D:4      | Reached XP level 7. HP: 50/61 MP: 8/8
  3534 | D:4      | Reached skill level 5 in Axes
  3602 | D:4      | Found a glowing golden altar of the Shining One.
  3602 | D:4      | Found a hazy altar of Hepliaklqana.
  4054 | D:4      | Found a burning altar of Makhleb.
  4055 | D:4      | Found an iron altar of Okawaru.
  4171 | D:5      | Entered Level 5 of the Dungeon
  4214 | D:5      | Reached XP level 8. HP: 69/69 MP: 10/10
  4319 | D:5      | Noticed Prince Ribbit
  4665 | D:5      | Reached **** piety under Lugonu
  4683 | D:5      | Killed Prince Ribbit
  4936 | D:5      | Reached skill level 5 in Invocations
  5338 | D:6      | Found a staircase to the Ecumenical Temple.
  5506 | D:6      | Noticed Pikel
  5529 | D:6      | Killed Pikel
  5529 | D:6      | Reached XP level 9. HP: 68/77 MP: 10/12
  5604 | D:6      | Got a steaming chain mail
  5615 | D:6      | Identified the cursed +1 chain mail "Esirucw" {*Corrode Int-5 Dex+9 SInv} (You found it on level 6 of the Dungeon)
  6494 | D:7      | Found Qithept's Book Boutique.
  6755 | D:7      | Reached ***** piety under Lugonu
  6880 | D:8      | Reached skill level 10 in Armour
  7178 | D:8      | Got a transparent graven amulet
  7183 | D:8      | Reached XP level 10. HP: 84/84 MP: 13/13
  7186 | D:8      | Noticed a two-headed ogre
  7192 | D:8      | Killed a two-headed ogre
  7192 | D:8      | Reached skill level 5 in Shields
  7202 | D:8      | Identified the amulet "Quzank" {Spirit rPois} (You found it on level 8 of the Dungeon)
  7732 | D:9      | Found a staircase to the Orcish Mines.
  7787 | D:9      | Found a blossoming altar of Fedhas.
  7975 | D:9      | Reached skill level 10 in Axes
  8289 | D:9      | Found a flagged portal.
  8300 | Bailey   | Entered a bailey
  8305 | Bailey   | Noticed an orc warlord
  8383 | Bailey   | Found a runed gate.
  8383 | Bailey   | Found a runed gate.
  8408 | Bailey   | Found a runed gate.
  8542 | Bailey   | Killed an orc warlord
  8587 | Bailey   | Identified a scroll of acquirement
  8588 | Bailey   | Got a pair of scorched gloves
  8594 | Bailey   | Identified the -4 pair of gloves "Eniucure" {rPois} (You acquired it in a bailey)
  8751 | D:9      | Found a staircase to the Lair.
  8782 | D:9      | Reached XP level 11. HP: 86/92 MP: 1/15
  8908 | Lair:1   | Entered Level 1 of the Lair of Beasts
  8924 | Lair:1   | Reached skill level 1 in Throwing
 10271 | Lair:1   | Noticed a six-headed hydra
 10324 | Lair:1   | Banished a six-headed hydra
 11041 | Lair:2   | Reached XP level 12. HP: 77/103 MP: 18/18
 11255 | Lair:2   | Found a hole to the Spider Nest.
 11757 | Lair:2   | Found a staircase to the Swamp.
 12778 | Lair:4   | Found a hide-covered altar of Uskayaw.
 12904 | Lair:4   | Gained mutation: You passively map a small area around you. [potion of mutation]
 12904 | Lair:4   | Gained mutation: You are frail. (-10% HP) [potion of mutation]
 12904 | Lair:4   | Gained mutation: You are dopey. (Int -2) [potion of mutation]
 12904 | Lair:4   | Lost mutation: You are dopey. (Int -2) [potion of mutation]
 12910 | Lair:4   | Reached skill level 10 in Invocations
 12910 | Lair:4   | Reached skill level 1 in Evocations
 12910 | Lair:4   | Reached XP level 13. HP: 99/99 MP: 19/19
 14545 | Lair:5   | Found a staircase to the Slime Pits.
 15087 | Lair:6   | Entered Level 6 of the Lair of Beasts
 15300 | Lair:6   | Reached skill level 10 in Fighting
 15575 | Lair:6   | Lost mutation: You are frail. (-10% HP) [potion of mutation]
 15575 | Lair:6   | Gained mutation: You possess an exceptional clarity of mind. [potion of mutation]
 15575 | Lair:6   | Gained mutation: Your flesh is heat resistant. (rF+) [potion of mutation]
 15851 | Lair:6   | Reached XP level 14. HP: 50/121 MP: 21/21
 16418 | Lair:6   | Lost mutation: You possess an exceptional clarity of mind. [potion of mutation]
 16418 | Lair:6   | Lost mutation: Your flesh is heat resistant. (rF+) [potion of mutation]
 16418 | Lair:6   | Gained mutation: Your spells are a little easier to cast, but a little less powerful. [potion of mutation]
 16418 | Lair:6   | Gained mutation: You are weak. (Str -2) [potion of mutation]
 16418 | Lair:6   | Gained mutation: You have sharp fingernails. [potion of mutation]
 16449 | Lair:6   | Got an encrusted spear
 16450 | Lair:6   | Identified the +4 spear "Qugez" {elec, Int+4} (You found it on level 6 of the Lair of Beasts)
 17242 | Lair:6   | Slain by a dire elephant

Skill      XL: |  1  2  3  4  5  6  7  8  9 10 11 12 13 14 |
---------------+-------------------------------------------+-----
Fighting       | 4 5 6 7 8 9 10 | 10.7
Invocations    | 2 3 4 5 6 7 9 10 11 | 11.7
Armour         | 3 4 5 7 9 10 11 12 13 14 | 14.6
Axes           | 3 4 5 7 9 10 12 14 | 14.4
Shields        | 1 2 3 4 6 7 8 9 |  9.2
Dodging        | 2 3 |  3.9
Throwing       | 1 2 3 |  3.2
Polearms       | 2 |  2.4
Evocations     | 1 |  1.8

Action                   |  1- 3 |  4- 6 |  7- 9 | 10-12 | 13-15 || total
-------------------------+-------+-------+-------+-------+-------++-------
Melee: Hand axe          |    74 |   157 |   295 |    15 |       ||   541
       Headbutt          |     9 |    23 |    61 |    74 |    82 ||   249
       War axe           |       |       |       |   391 |   287 ||   678
Throw: Tomahawk          |       |       |       |    18 |     9 ||    27
Invok: Depart the Abyss  |     1 |       |       |       |       ||     1
       Banish            |       |       |       |     6 |    12 ||    18
  Use: Scroll            |     7 |     2 |     8 |    27 |     6 ||    50
       Potion            |       |       |       |     5 |     4 ||     9
  Eat: Chunk             |     1 |     7 |    12 |    14 |    15 ||    49
       Bread ration      |       |       |       |     2 |       ||     2
Armor: Chain mail        |    54 |    16 |       |       |       ||    70
       Plate armour      |       |   127 |   147 |   281 |   171 ||   726
Dodge: Dodged            |    42 |    52 |    79 |   157 |   118 ||   448
Block: Buckler           |    14 |    50 |    79 |   191 |    80 ||   414
       Other             |     2 |       |       |       |       ||     2
       Reflection        |     2 |       |     1 |    22 |       ||    25
